 Dungeon Crawl Stone Soup version 0.13.0-6-g40e4d2d (webtiles) character file.

12018 HungrySpirit the Severer (level 11, -2/94 HPs)
             Began as a Minotaur Berserker on Oct 14, 2013.
             Was a High Priest of Trog.
             Slain by a polar bear (15 damage)
             ... in an ice cave.
             The game lasted 00:23:56 (7547 turns).

HungrySpirit the Severer (Minotaur Berserker)       Turns: 7547, Time: 00:23:56

HP  -2/94        AC 15     Str 25      XL: 11   Next: 51%
MP   1/1         EV  6     Int  4      God: Trog [*****.]
Gold 388         SH  0     Dex 10      Spells:  0 memorised, 10 levels left

Res.Fire  : . . .   See Invis. : .   D - +4,+7 battleaxe (antimagic) (curse)
Res.Cold  : . . .   Warding    : .   m - +0 orc plate armour
Life Prot.: . . .   Conserve   : +   (no shield)
Res.Poison: .       Res.Corr.  : .   (helmet restricted)
Res.Elec. : .       Clarity    : .   (no cloak)
Sust.Abil.: . .     Spirit.Shd : .   (no gloves)
Res.Mut.  : .       Stasis     : .   v - +0 pair of boots
Res.Rott. : .       Flight     : .   n - amulet of conservation
Saprovore : . . .                    a - ring of regeneration
                                     x - ring of sustenance

@: exhausted, slowed, very slow, somewhat resistant to hostile enchantments,
extremely unstealthy
A: retaliatory headbutt, horns 2
a: Burn Spellbooks, Berserk, Trog's Hand, Brothers in Arms, Renounce Religion


You were in an ice cave.
You worshipped Trog.
Trog was extremely pleased with you.
You were very hungry.

You visited 1 branch of the dungeon, and saw 11 of its levels.
You also visited: Sewer and Ice Cave.

You collected 482 gold pieces.
You spent 114 gold pieces at shops.

Inventory:

Hand weapons
 i - a +0,+1 orcish war axe of draining
 D - a cursed +4,+7 anti-magic battleaxe (weapon)
Armour
 m - a +0 orcish plate armour (worn)
 v - a +0 pair of boots (worn)
Magical devices
 p - a wand of lightning (0)
 G - a wand of digging (17)
Comestibles
 c - 6 bread rations
 h - 8 meat rations
 A - 3 chokos
 C - a snozzcumber
 E - 9 lemons
 I - 8 cheeses
 J - 5 chunks of centaur flesh
 L - an apple
 M - a pear
Scrolls
 b - 5 scrolls of curse jewellery {unknown}
 g - 7 scrolls of remove curse
 o - 5 scrolls of fear
 q - a scroll of amnesia
 y - 2 scrolls of recharging
 B - 3 scrolls of teleportation
Jewellery
 a - a ring of regeneration (right hand)
 k - an uncursed ring of sustain abilities {unknown}
 l - the ring "Famnuqai" {+Inv Int+1 Acc+5}
   (You found it on level 11 of the Dungeon)

   [ring of intelligence]

   It affects your intelligence (+1).
   It affects your accuracy (+5).
   It lets you turn invisible.
 n - an amulet of conservation (around neck)
 x - a ring of sustenance (left hand)
 F - an uncursed amulet of warding
Potions
 d - 6 potions of curing
 e - 8 potions of heal wounds
 f - a potion of resistance
 j - a potion of restore abilities {unknown}
 r - a potion of agility {unknown}
 s - 3 potions of flight
 t - 3 potions of might {unknown}
 u - a potion of invisibility {unknown}
 w - 3 potions of brilliance {unknown}
 z - 2 potions of speed {unknown}
 H - a potion of berserk rage {unknown}


   Skills:
 - Level 9.7 Fighting
 + Level 17.1 Axes
 - Level 9.2 Armour
 - Level 2.1 Dodging


You had 10 spell levels left.
You didn't know any spells.

Dungeon Overview and Level Annotations

Branches:
Dungeon (11/27)            Temple (0/1) D:5             Orc (0/4) D:9
   Lair: D:8-13

Altars:
Ashenzari
Cheibriados
Fedhas
Makhleb
Okawaru

Shops:
D:5 [   D:8 *


Innate Abilities, Weirdness & Mutations

You reflexively headbutt those who attack you in melee.
You have a pair of horns on your head.


Message History

The polar bear bites you.
* * * LOW HITPOINT WARNING * * *
The polar bear closely misses you. The polar bear claws you.
* * * LOW HITPOINT WARNING * * *
The polar bear completely misses you.
The polar bear claws you but does no damage.
You feel a strong urge to attack something.
You feel your anger subside.
You are no longer berserk.
You are exhausted.
You feel yourself slow down.
You are feeling very hungry.
The polar bear goes berserk!
The polar bear bites you but does no damage.
The polar bear claws you.
* * * LOW HITPOINT WARNING * * *
The polar bear barely misses you.
The polar bear goes berserk!
There is an ice choked empty arch of ancient stone here.
The polar bear bites you!
You die...

#### . ##..######
... ##....##..##
##...#
#.....YY...###Y.....
#.∩@UU.U..U.#..U....
#.......##....#
##....#####..##
##..## #### ####


You could see 4 polar bears and 2 yaks.

Vanquished Creatures
  An unseen horror (D:11)
  Erolcha (D:9)
  A hill giant (D:7)
  Pikel (D:6)
  4 trolls
  2 polar bears (IceCv)
  The ghost of Bnni the Changer, an experienced NaTm of Cheibriados (D:6)
  The ghost of HungrySpirit the Cudgeler, an average GrEn (D:4)
  2 yaks (D:10)
  A hippogriff (D:9)
  A hungry ghost (D:9)
  A hill giant skeleton (D:11)
  2 necrophages
  4 wolves (IceCv)
  A manticore (D:9)
  9 ice beasts (D:11)
  2 orc warriors (D:9)
  A black bear (D:7)
  A giant goldfish (D:10)
  2 slaves (D:6)
  3 phantoms
  A warg (D:9)
  5 ogres
  Sigmund (D:5)
  2 water moccasins
  5 centaurs
  5 giant frogs
  A manticore zombie (D:6)
  6 big kobolds
  4 sky beasts
  An eye of draining (D:11)
  A crocodile (D:7)
  A troll zombie (D:8)
  3 wights (D:7)
  2 troll skeletons
  5 crimson imps
  9 orc priests
  A centaur skeleton (D:6)
  A jelly (D:10)
  17 orc wizards
  A human (D:9)
  3 iguanas
  A goliath beetle (D:5)
  9 hounds
  2 sheep (D:10)
  An ogre skeleton (D:4)
  A big kobold skeleton (D:11)
  A mummy (D:6)
  Crazy Yiuf (D:6)
  12 adders
  5 worker ants
  A worker ant zombie (D:7)
  6 gnolls (D:7)
  2 green rats (Sewer)
  2 giant mites (D:5)
  5 worms
  An adder skeleton (D:10)
  A giant eyeball (D:6)
  5 giant geckos
  2 oozes
  37 orcs
  2 ball pythons (Sewer)
  19 bats
  3 giant cockroaches
  11 goblins
  11 hobgoblins
  4 training dummies (D:8)
  7 giant newts
  A gnoll skeleton (D:5)
  4 jackals (D:6)
  36 kobolds
  An orc skeleton (D:4)
  A quokka (D:4)
  A quokka skeleton (D:5)
  22 rats
  5 ballistomycetes
340 creatures vanquished.

Vanquished Creatures (collateral kills)
  A hydra (D:10)
  A centaur (D:9)
  A giant spore (D:7)
  A kobold (D:7)
4 creatures vanquished.

Vanquished Creatures (others)
  A sky beast (D:6)
  A worker ant (D:6)
  A giant spore (D:11)
3 creatures vanquished.

Grand Total: 347 creatures vanquished

Notes
Turn   | Place    | Note
--------------------------------------------------------------
     0 | D:1      | HungrySpirit, the Minotaur Berserker, began the quest for the Orb.
     0 | D:1      | Reached XP level 1. HP: 19/19 MP: 0/0
   127 | D:1      | Reached skill level 4 in Axes
   259 | D:1      | Reached XP level 2. HP: 16/26 MP: 0/0
   770 | D:2      | Reached skill level 5 in Axes
   776 | D:2      | Reached XP level 3. HP: 19/33 MP: 1/1
   815 | D:2      | Acquired Trog's second power
  1180 | D:2      | Reached XP level 4. HP: 27/39 MP: 1/1
  1441 | D:3      | Reached skill level 6 in Axes
  2229 | D:4      | Found a blossoming altar of Fedhas.
  2272 | D:4      | Reached XP level 5. HP: 36/46 MP: 1/1
  2333 | D:4      | Reached skill level 7 in Axes
  2362 | D:4      | Noticed HungrySpirit's ghost (average GrEn)
  2371 | D:4      | Killed HungrySpirit's ghost
  2371 | D:4      | Reached skill level 8 in Axes
  2371 | D:4      | Reached XP level 6. HP: 52/52 MP: 2/2
  2591 | D:4      | Reached skill level 9 in Axes
  2613 | D:4      | Found a burning altar of Makhleb.
  2627 | D:5      | Entered Level 5 of the Dungeon
  2632 | D:5      | Acquired Trog's third power
  2635 | D:5      | Found a staircase to the Ecumenical Temple.
  2638 | D:5      | Reached XP level 7. HP: 59/59 MP: 2/2
  2688 | D:5      | Noticed Sigmund
  2693 | D:5      | Killed Sigmund
  2693 | D:5      | Reached skill level 10 in Axes
  2775 | D:5      | Found a shattered altar of Ashenzari.
  2976 | D:5      | Reached skill level 11 in Axes
  3102 | D:5      | Reached XP level 8. HP: 66/66 MP: 2/2
  3149 | D:5      | Found a glowing drain.
  3153 | Sewer    | Entered a sewer
  3449 | D:5      | Found Zeyrah's Antique Armour Boutique.
  3468 | D:5      | Reached skill level 12 in Axes
  3708 | D:6      | Noticed Pikel
  3717 | D:6      | Killed Pikel
  3717 | D:6      | Reached skill level 5 in Armour
  3870 | D:6      | Reached XP level 9. HP: 50/75 MP: 3/3
  3903 | D:6      | Noticed Bnni's ghost (experienced NaTm)
  3914 | D:6      | Killed Bnni's ghost
  4155 | D:6      | Noticed Crazy Yiuf
  4161 | D:6      | Killed Crazy Yiuf
  4255 | D:7      | Got a glittering brass amulet
  4554 | D:7      | Received a gift from Trog
  4645 | D:7      | Noticed a hill giant
  4650 | D:7      | Killed a hill giant
  4650 | D:7      | Reached XP level 10. HP: 88/88 MP: 1/3
  4895 | D:8      | Found Oqukh's Assorted Antiques.
  4921 | D:8      | Bought a crude cloak for 114 gold pieces
  4924 | D:8      | Identified the cursed -4 cloak of Skompayh {MR++ Int+4 Dam+5} (You bought it in a shop on level 8 of the Dungeon)
  4939 | D:8      | Found an iron altar of Okawaru.
  5219 | D:8      | Reached skill level 13 in Axes
  5427 | D:8      | Found a snail-covered altar of Cheibriados.
  5570 | D:9      | Found a staircase to the Orcish Mines.
  5752 | D:9      | Noticed Erolcha
  5755 | D:9      | Reached skill level 14 in Axes
  5760 | D:9      | Killed Erolcha
  5843 | D:9      | Received a gift from Trog
  5995 | D:9      | Reached skill level 15 in Axes
  6223 | D:10     | Entered Level 10 of the Dungeon
  6344 | D:10     | Identified the amulet of the Manifold Lies {+Rage rF-} (You found it on level 7 of the Dungeon)
  6568 | D:9      | Reached XP level 11. HP: 94/94 MP: 1/3
  6770 | D:10     | Noticed a two-headed hydra
  6777 | D:10     | Killed a two-headed hydra
  7304 | D:11     | Reached skill level 16 in Axes
  7362 | D:11     | Got a heavily runed iron ring
  7420 | D:11     | Killed an unseen horror
  7476 | D:11     | Found a frozen archway.
  7504 | IceCv    | Entered an ice cave
  7517 | IceCv    | Reached skill level 17 in Axes
  7547 | IceCv    | Slain by a polar bear

Action                   |  1- 3 |  4- 6 |  7- 9 | 10-12 || total
-------------------------+-------+-------+-------+-------++-------
Melee: Hand axe          |    98 |   125 |     6 |       ||   229
       War axe           |       |       |   295 |       ||   295
       Battleaxe         |       |       |     3 |   276 ||   279
Invok: Berserk           |       |     2 |     3 |     3 ||     8
       Burn Spellbooks   |       |       |     1 |     2 ||     3
       Brothers in Arms  |       |       |       |     2 ||     2
       Trog's Hand       |       |       |       |     1 ||     1
Evoke: Wand              |       |       |     2 |     3 ||     5
  Use: Scroll            |       |     9 |     5 |     8 ||    22
       Potion            |       |     2 |     1 |       ||     3
